BSA
SPRINGFIELD STARS @ HOUSTON MARSHALS
08/21/2029
 
TOP OF THE 1ST
Springfield Stars batting - Pitching for Houston Marshals : RHP Daniel Grant
Pitching: RHP Daniel Grant
Batting: RHB Norberto Taváres 0-0: Foul Ball, location: 2F
0-1: Ball
1-1: Ball
2-1: Ball
3-1: Called Strike
3-2: Foul Ball, location: 2F
3-2: Fly out, F9 (Line Drive, 9)
Batting: LHB Jesús Tobías 0-0: Foul Ball, location: 2F
0-1: Ground out 3-1 (Groundball, 34S)
Batting: LHB Derek Davidson 0-0: SINGLE (Groundball, 34S) (infield hit)
Batting: LHB Felipe Guerrero 0-0: Called Strike
0-1: Ball
1-1: Fly out, F6 (Line Drive, 56D)
Top of the 1st over - 0 runs, 1 hit, 0 errors, 1 left on base; Springfield 0 - Houston 0
BOTTOM OF THE 1ST
Houston Marshals batting - Pitching for Springfield Stars : RHP Hyo-chin Ch'oe
Pitching: RHP Hyo-chin Ch'oe
Batting: RHB Javier Rentería 0-0: Ball
1-0: Swinging Strike
1-1: Ball
2-1: Foul Ball, location: 2F
2-2: Foul Ball, location: 2F
2-2: Strikes out looking
Batting: LHB Guy Moss 0-0: Foul Ball, location: 2F
0-1: SINGLE (Line Drive, 6MD)
Batting: RHB Chris Parker 0-0: Called Strike
0-1: Ball
1-1: Ball
Guy Moss steals 2nd base
2-1: Called Strike
2-2: Foul Ball, location: 2F
2-2: Ball
3-2: Base on Balls
Batting: LHB José Rodríguez 0-0: Called Strike
Guy Moss steals 3rd base
0-1: Ball
1-1: Grounds into double play, 5-4-3 (Groundball, 5)
Bottom of the 1st over - 0 runs, 1 hit, 0 errors, 1 left on base; Springfield 0 - Houston 0
TOP OF THE 2ND
Springfield Stars batting - Pitching for Houston Marshals : RHP Daniel Grant
Batting: LHB Elliott Newell 0-0: Foul Ball, location: 2F
0-1: Called Strike
0-2: Foul Ball, location: 2F
0-2: Ball
1-2: Foul Ball, location: 2F
1-2: Foul Ball, location: 2F
1-2: Ball
2-2: Foul Ball, location: 2F
2-2: Strikes out swinging
Batting: SHB António De La Cruz 0-0: Foul Ball, location: 2F
0-1: Ball
1-1: Fly out, F4 (Popup, 34D)
Batting: RHB Calvin Bennett 0-0: Foul Ball, location: 2F
0-1: Ball
1-1: Called Strike
1-2: Foul Ball, location: 2F
1-2: SINGLE (Flyball, 7S)
Batting: LHB Mike Pearson 0-0: Called Strike
0-1: Ball
1-1: Called Strike
1-2: Strikes out swinging
Top of the 2nd over - 0 runs, 1 hit, 0 errors, 1 left on base; Springfield 0 - Houston 0
BOTTOM OF THE 2ND
Houston Marshals batting - Pitching for Springfield Stars : RHP Hyo-chin Ch'oe
Batting: LHB Lewis Barr 0-0: Ball
1-0: Swinging Strike
1-1: Foul Ball, location: 2F
1-2: Ball
2-2: Foul Ball, location: 2F
2-2: Ball
3-2: Foul Ball, location: 2F
3-2: Ground out 3-1 (Groundball, 34)
Batting: RHB Esteban Lara 0-0: Ball
1-0: Ball
2-0: Swinging Strike
2-1: Called Strike
2-2: SINGLE (Line Drive, 56D)
Batting: RHB Jim Tracy 0-0: Called Strike
0-1: Ball
1-1: Ball
2-1: Fielders Choice at 2nd, 1-6 (Groundball, 13S)
Batting: RHB Michael Thomas 0-0: Called Strike
0-1: Ground out U3 (Groundball, 34S)
Bottom of the 2nd over - 0 runs, 1 hit, 0 errors, 1 left on base; Springfield 0 - Houston 0
TOP OF THE 3RD
Springfield Stars batting - Pitching for Houston Marshals : RHP Daniel Grant
Batting: RHB Dave Henderson 0-0: Ball
1-0: Hit by Pitch
Batting: RHB Norberto Taváres 0-0: Ball
1-0: Called Strike
1-1: Ball
2-1: Called Strike
2-2: Ball
3-2: SINGLE (Line Drive, 56)
Dave Henderson to second
Dave Henderson to third
Batting: LHB Jesús Tobías 0-0: Ball
1-0: Ball
2-0: SINGLE (Line Drive, 4MD)
Dave Henderson scores
Norberto Taváres to second
Batting: LHB Derek Davidson 0-0: Called Strike
0-1: Ball
1-1: Fielders Choice at 2nd, 4-6 (Groundball, 4)
Norberto Taváres to third
Batting: LHB Felipe Guerrero 0-0: Ball
Derek Davidson is caught stealing 2nd base
1-0: Ball
2-0: Ball
3-0: Base on Balls
Batting: LHB Elliott Newell 0-0: Called Strike
0-1: Ball
1-1: Ground out 4-3 (Groundball, 4)
Top of the 3rd over - 1 run, 2 hits, 0 errors, 2 left on base; Springfield 1 - Houston 0
BOTTOM OF THE 3RD
Houston Marshals batting - Pitching for Springfield Stars : RHP Hyo-chin Ch'oe
Batting: RHB Tony Reyes 0-0: Ground out 6-3 (Groundball, 6)
Batting: RHB Javier Rentería 0-0: Called Strike
0-1: Ground out 1-3 (Groundball, 15)
Batting: LHB Guy Moss 0-0: Called Strike
0-1: Called Strike
0-2: Strikes out swinging
Bottom of the 3rd over - 0 runs, 0 hits, 0 errors, 0 left on base; Springfield 1 - Houston 0
TOP OF THE 4TH
Springfield Stars batting - Pitching for Houston Marshals : RHP Daniel Grant
Batting: SHB António De La Cruz 0-0: Foul Ball, location: 2F
0-1: SINGLE (Flyball, 9LM)
Batting: RHB Calvin Bennett 0-0: Foul Ball, location: 2F
0-1: Ball
1-1: Ground out U3 (Groundball, 34S)
António De La Cruz to second
Batting: LHB Mike Pearson 0-0: Ball
1-0: Ball
2-0: SINGLE (Line Drive, 4D)
António De La Cruz to third
Batting: RHB Dave Henderson 0-0: Grounds into double play, 4-6-3 (Groundball, 4)
Top of the 4th over - 0 runs, 2 hits, 0 errors, 1 left on base; Springfield 1 - Houston 0
BOTTOM OF THE 4TH
Houston Marshals batting - Pitching for Springfield Stars : RHP Hyo-chin Ch'oe
Batting: RHB Chris Parker 0-0: Ball
1-0: Ball
2-0: Foul Ball, location: 2F
2-1: Foul Ball, location: 2F
2-2: Ground out 5-3 (Groundball, 56S)
Batting: LHB José Rodríguez 0-0: Foul Ball, location: 2F
0-1: Fly out, F4 (Line Drive, 4)
Batting: LHB Lewis Barr 0-0: Called Strike
0-1: Ball
1-1: Ball
2-1: DOUBLE (Line Drive, 7LM)
Batting: RHB Esteban Lara 0-0: Ball
1-0: Called Strike
1-1: Ball
2-1: Swinging Strike
2-2: Foul Ball, location: 2F
2-2: Ball
3-2: Foul Ball, location: 2F
3-2: Strikes out swinging
Bottom of the 4th over - 0 runs, 1 hit, 0 errors, 1 left on base; Springfield 1 - Houston 0
TOP OF THE 5TH
Springfield Stars batting - Pitching for Houston Marshals : RHP Daniel Grant
Batting: RHB Norberto Taváres 0-0: Ball
1-0: Foul Ball, location: 2F
1-1: Ball
2-1: Bunt missed!
2-2: Foul Ball, location: 2F
2-2: Ground out U3 (Groundball, 34)
Batting: LHB Jesús Tobías 0-0: Swinging Strike
0-1: Ball
1-1: Fly out, F7 (Flyball, 7)
Batting: LHB Derek Davidson 0-0: Called Strike
0-1: Ball
1-1: Ball
2-1: Foul Ball, location: 2F
2-2: Foul Ball, location: 2F
2-2: Ball
3-2: Base on Balls
Batting: LHB Felipe Guerrero 0-0: Ball
Derek Davidson steals 2nd base
1-0: Foul Ball, location: 2F
1-1: Foul Ball, location: 2F
1-2: Ball
2-2: Ball
3-2: SINGLE (Flyball, 78S)
Derek Davidson to third
Derek Davidson scores
Batting: LHB Elliott Newell 0-0: Foul Ball, location: 2F
0-1: Ball
1-1: Ball
2-1: Ball
3-1: Base on Balls
Felipe Guerrero to second
Batting: SHB António De La Cruz 0-0: Called Strike
0-1: Foul Ball, location: 2F
0-2: Ball
1-2: Ball
2-2: Foul Ball, location: 2F
2-2: Ball
3-2: Foul Ball, location: 2F
3-2: SINGLE (Flyball, 7LS)
Felipe Guerrero to third
Elliott Newell to second
Felipe Guerrero scores
Elliott Newell to third
Batting: RHB Calvin Bennett 0-0: Ball
1-0: Called Strike
1-1: Ball
2-1: Foul Ball, location: 2F
2-2: Ball
3-2: Ground out 5-3 (Groundball, 56S)
Top of the 5th over - 2 runs, 2 hits, 0 errors, 2 left on base; Springfield 3 - Houston 0
BOTTOM OF THE 5TH
Houston Marshals batting - Pitching for Springfield Stars : RHP Hyo-chin Ch'oe
Batting: RHB Jim Tracy 0-0: Ground out 6-3 (Groundball, 6)
Batting: RHB Michael Thomas 0-0: Ball
1-0: Foul Ball, location: 2F
1-1: Foul Ball, location: 2F
1-2: Foul Ball, location: 2F
1-2: Ball
2-2: Fly out, F4 (Line Drive, 4)
Batting: RHB Tony Reyes 0-0: Ball
1-0: Called Strike
1-1: Foul Ball, location: 2F
1-2: Strikes out swinging
Bottom of the 5th over - 0 runs, 0 hits, 0 errors, 0 left on base; Springfield 3 - Houston 0
TOP OF THE 6TH
Springfield Stars batting - Pitching for Houston Marshals : RHP Daniel Grant
Pitching: LHP Edgardo Guzmán
Batting: LHB Mike Pearson 0-0: Swinging Strike
0-1: Ball
1-1: Ball
2-1: SINGLE (Line Drive, 4MD)
Batting: RHB Dave Henderson 0-0: Fly out, F8 (Line Drive, 8LS)
Batting: RHB Norberto Taváres 0-0: Called Strike
0-1: Called Strike
0-2: Ball
1-2: Ball
2-2: Foul Ball, location: 2F
2-2: Ball
3-2: Fielders Choice at 2nd, 5-4 (Groundball, 56)
Batting: LHB Jesús Tobías 0-0: Called Strike
Norberto Taváres steals 2nd base
0-1: Ball
1-1: Ball
2-1: Fly out, F3 (Line Drive, 34)
Top of the 6th over - 0 runs, 1 hit, 0 errors, 1 left on base; Springfield 3 - Houston 0
BOTTOM OF THE 6TH
Houston Marshals batting - Pitching for Springfield Stars : RHP Hyo-chin Ch'oe
Batting: RHB Javier Rentería 0-0: Ball
1-0: Ball
2-0: Ball
3-0: Called Strike
3-1: Fly out, F3 (Popup, 3SF)
Batting: LHB Guy Moss 0-0: Ball
1-0: Ball
2-0: SINGLE (Groundball, 4MD)
Batting: RHB Chris Parker 0-0: Ball
1-0: DOUBLE (Flyball, 89D)
Guy Moss to third
Runner from 3rd tries for Home, SAFE, throw made at trailing runner, OUT at third!
Batting: LHB José Rodríguez 0-0: Ball
1-0: Ball
2-0: Foul Ball, location: 2F
2-1: SINGLE (Groundball, 4MD)
Batting: LHB Lewis Barr 0-0: Ball
1-0: Foul Ball, location: 2F
1-1: Foul Ball, location: 2F
1-2: Ball
2-2: Strikes out swinging
Bottom of the 6th over - 1 run, 3 hits, 0 errors, 1 left on base; Springfield 3 - Houston 1
TOP OF THE 7TH
Springfield Stars batting - Pitching for Houston Marshals : LHP Edgardo Guzmán
Batting: LHB Derek Davidson 0-0: Foul Ball, location: 2F
0-1: Swinging Strike
0-2: Foul Ball, location: 2F
0-2: Strikes out swinging, 2-3 out at first.
Batting: LHB Felipe Guerrero 0-0: Ball
1-0: Called Strike
1-1: Called Strike
1-2: Fly out, F1 (Line Drive, 15)
Batting: LHB Elliott Newell 0-0: Ball
1-0: Foul Ball, location: 2F
1-1: Foul Ball, location: 2F
1-2: Ball
2-2: Foul Ball, location: 2F
2-2: Ball
3-2: Foul Ball, location: 2F
3-2: Base on Balls
Batting: SHB António De La Cruz 0-0: Ball
1-0: Ball
2-0: Ball
3-0: Called Strike
3-1: Base on Balls
Elliott Newell to second
Batting: RHB Calvin Bennett 0-0: Called Strike
0-1: 3-RUN HOME RUN (Flyball, 7LD), Distance : 397 ft
Pitching: RHP Ron Scott
Batting: LHB Mike Pearson 0-0: Ball
1-0: SINGLE (Flyball, 89M)
Batting: RHB Dave Henderson 0-0: Called Strike
0-1: Ball
1-1: Fielders Choice at 2nd, 6-4 (Groundball, 6)
Top of the 7th over - 3 runs, 2 hits, 0 errors, 1 left on base; Springfield 6 - Houston 1
BOTTOM OF THE 7TH
Houston Marshals batting - Pitching for Springfield Stars : RHP Hyo-chin Ch'oe
Pitching: LHP John Livingston
Batting: RHB Esteban Lara 0-0: Ball
1-0: Ball
2-0: Called Strike
2-1: Foul Ball, location: 2F
2-2: Strikes out swinging
Batting: RHB Jim Tracy 0-0: Ground out U3 (Groundball, 34)
Batting: RHB Michael Thomas 0-0: Ball
1-0: Called Strike
1-1: Called Strike
1-2: Foul Ball, location: 2F
1-2: Ball
2-2: Foul Ball, location: 2F
2-2: Ground out 5-3 (Groundball, 56)
Bottom of the 7th over - 0 runs, 0 hits, 0 errors, 0 left on base; Springfield 6 - Houston 1
TOP OF THE 8TH
Springfield Stars batting - Pitching for Houston Marshals : RHP Ron Scott
Batting: RHB Norberto Taváres 0-0: Called Strike
0-1: Called Strike
0-2: Fly out, F4 (Line Drive, 4)
Batting: LHB Jesús Tobías 0-0: SINGLE (Groundball, 6MD)
Batting: LHB Derek Davidson 0-0: Called Strike
0-1: Ball
1-1: Swinging Strike
1-2: Ball
2-2: Fly out, F8 (Flyball, 8RS)
Batting: LHB Felipe Guerrero 0-0: Ball
Jesús Tobías steals 2nd base
1-0: SINGLE (Line Drive, 34D)
Jesús Tobías to third
Runner from 3rd tries for Home, SAFE, no throw
Batting: LHB Elliott Newell 0-0: Called Strike
0-1: Ball
1-1: Called Strike
1-2: Strikes out swinging
Top of the 8th over - 1 run, 2 hits, 0 errors, 1 left on base; Springfield 7 - Houston 1
BOTTOM OF THE 8TH
Houston Marshals batting - Pitching for Springfield Stars : LHP John Livingston
Batting: RHB Tony Reyes 0-0: Ball
1-0: Ball
2-0: Ground out 6-3 (Groundball, 6S)
Batting: RHB Javier Rentería 0-0: Ball
1-0: Hit by Pitch
Batting: LHB Guy Moss Pickoff Throw to First - Error! E1
Javier Rentería to second
0-0: Ball
1-0: Foul Ball, location: 2F
1-1: Called Strike
1-2: Ball
2-2: Fly out, F7 (Flyball, 78D)
Batting: RHB Chris Parker 0-0: Ball
1-0: Fly out, F3 (Popup, 3L)
Bottom of the 8th over - 0 runs, 0 hits, 1 error, 1 left on base; Springfield 7 - Houston 1
TOP OF THE 9TH
Springfield Stars batting - Pitching for Houston Marshals : RHP Ron Scott
Batting: SHB António De La Cruz 0-0: Ball
1-0: Called Strike
1-1: Ball
2-1: Fly out, F8 (Flyball, 8LM)
Batting: RHB Calvin Bennett 0-0: Called Strike
0-1: Swinging Strike
0-2: Ball
1-2: Foul Ball, location: 2F
1-2: Ball
2-2: Strikes out swinging
Batting: LHB Mike Pearson 0-0: Called Strike
0-1: Called Strike
0-2: Ball
1-2: Strikes out swinging
Top of the 9th over - 0 runs, 0 hits, 0 errors, 0 left on base; Springfield 7 - Houston 1
BOTTOM OF THE 9TH
Houston Marshals batting - Pitching for Springfield Stars : LHP John Livingston
Batting: LHB José Rodríguez 0-0: Called Strike
0-1: Ball
1-1: Called Strike
1-2: Foul Ball, location: 2F
1-2: Strikes out swinging passed ball, reaches first!
Batting: LHB Lewis Barr 0-0: Ball
1-0: Foul Ball, location: 2F
1-1: Swinging Strike
1-2: Foul Ball, location: 2F
1-2: Strikes out looking
Batting: RHB Esteban Lara 0-0: Called Strike
0-1: Swinging Strike
0-2: Ball
1-2: Foul Ball, location: 2F
1-2: Ball
2-2: Hit by Pitch
José Rodríguez to second
Batting: RHB Jim Tracy 0-0: Ball
1-0: Ball
2-0: Ball
3-0: Called Strike
3-1: Base on Balls
José Rodríguez to third
Esteban Lara to second
Batting: RHB Michael Thomas 0-0: Ball
1-0: DOUBLE (Flyball, 8LXD)
José Rodríguez scores
Esteban Lara scores
Jim Tracy to third
Pitching: RHP José Valdéz
Batting: RHB Tony Reyes 0-0: Called Strike
0-1: Ball
1-1: Ball
2-1: Swinging Strike
2-2: Strikes out looking
Batting: RHB Javier Rentería 0-0: Ball
1-0: Foul Ball, location: 2F
1-1: Swinging Strike
1-2: Strikes out swinging
Bottom of the 9th over - 2 runs, 1 hit, 0 errors, 2 left on base; Springfield 7 - Houston 3
Saturday, December 16th, 2017 - OOTP Baseball 18.8 Build 76